Map: 乌雷纳

Players

megalaks

  • Race: Zerg Zerg
  • League: Diamond

Inkrusion - Winner!

  • Race: Protoss Protoss
  • League: Master

VOD

Have the link to the VOD?

Description

Time

  • Played on: Jan. 24, 2016, 8:22 a.m.
  • Length: 6:31
Show
View Real Time Build Order
Export as new Build Order

megalaks Zerg 

Build Orders: Hatch First 

Get SALT Encoding   

  12  0:01  Drone  
  13  0:08  Drone  
  14  0:36  Hatchery  
  14  0:38  Drone  
  14  0:45  Overlord  
  14  1:02  Spawning Pool  
  13  1:05  Drone  
  13  1:09  Drone  
  15  1:14  Drone  
  15  1:17  Drone  
  17  1:29  Drone  
  18  1:37  Extractor  
  17  1:40  Overlord  
  17  1:47  Drone  
  17  1:51  Queen  
  20  1:54  Queen  
  20  2:00  Drone  
  23  2:01  Drone  
  24  2:09  Drone  
  24  2:12  Drone x2  
  27  2:20  Drone  
  28  2:23  Spine Crawler  
  28  2:25  Drone  
  28  2:33  Drone x2  
  28  2:36  Spine Crawler  
  29  2:43  Drone x2  
  31  2:50  Queen  
  33  2:57  Drone  
  34  3:00  Drone  
  35  3:07  Drone  
  35  3:10  Extractor  
  35  3:12  Drone  
  36  3:21  Overlord  
  36  3:33  Overlord  
  36  3:35  Hatchery  
  36  3:38  Lair  
  35  3:41  Drone x4, Extractor  
  35  3:47  Drone x2  
  40  3:55  Drone  
  41  4:06  Roach Warren  
  39  4:15  Drone x6  
  44  4:17  Spine Crawler  
  44  4:18  Spine Crawler  
  44  4:23  Drone x2  
  44  4:37  Hydralisk Den  
  43  4:38  Roach Warren  
  43  4:40  Spore Crawler  
  43  4:44  Drone x2, Spore Crawler  
  43  4:45  Spore Crawler  
  41  4:53  Evolution Chamber, Drone  
  41  4:55  Evolution Chamber, Drone  
  41  5:02  Drone x2  
  43  5:11  Drone x3  
  46  5:15  Overseer  
  46  5:16  Overlord  
  46  5:20  Overlord  
  46  5:29  Queen  
  46  5:34  Spine Crawler  
  47  5:36  Roach x2  
  47  5:41  Roach  
  53  5:44  Zergling x4  
  53  5:48  Zergling x2  
  53  5:49  Zergling x4  
  54  6:00  Zergling x2  
  54  6:01  Zergling x8  
  54  6:05  Zergling x6  
Show
View Real Time Build Order
Export as new Build Order

Inkrusion Protoss - Winner!

Build Orders:  

Get SALT Encoding   

  12  0:01  Probe (Chrono Boost)  
  13  0:12  Probe (Chrono Boost)  
  14  0:17  Pylon  
  14  0:22  Probe (Chrono Boost)  
  15  0:36  Probe (Chrono Boost)  
  15  0:39  Gateway  
  16  0:49  Assimilator  
  16  0:50  Probe (Chrono Boost)  
  17  1:01  Probe (Chrono Boost)  
  18  1:09  Gateway  
  18  1:11  Probe (Chrono Boost)  
  19  1:22  Probe (Chrono Boost)  
  20  1:30  Cybernetics Core  
  20  1:32  Assimilator  
  21  1:33  Probe (Chrono Boost)  
  21  1:39  Pylon  
  21  1:44  Probe (Chrono Boost)  
  22  1:54  Probe (Chrono Boost)  
  22  1:57  Zealot (Chrono Boost)  
  25  2:07  Warp Gate (Chrono Boost)  
  25  2:10  Robotics Facility  
  25  2:25  Adept (Chrono Boost)  
  27  2:31  Robotics Facility  
  27  2:45  Pylon  
  27  2:55  Probe  
  27  2:58  Warp Prism (Chrono Boost)  
  30  3:14  Adept  
  32  3:25  Immortal (Chrono Boost)  
  34  3:29  Pylon  
  34  3:35  Adept  
  36  3:52  Immortal (Chrono Boost)  
  40  4:14  Sentry x2  
  44  4:22  Pylon  
  44  4:41  Immortal (Chrono Boost)  
  44  4:42  Adept  
  54  4:45  Immortal (Chrono Boost)  
  54  4:55  Pylon  
  54  4:57  Pylon  
  54  5:11  Gateway  
  54  5:17  Adept  
  54  5:18  Adept  
  58  5:46  Adept  
  58  5:47  Adept  
  62  5:59  Pylon  
  66  6:14  Adept x3  
Tags
 
Add a new tag
Caveats
  • Supply blocks, unpowered buildings, or Contaminate may cause inaccurate times.
  • Supply counts are checked every 10 seconds.